 Dungeon Crawl Stone Soup version 0.31-a0-618-g7ca08c1ff9 (webtiles) character file.

Game seed: 15407378027396387210

139722 demibob the Impaler (level 16, 136/136 HPs)
             Began as a Demonspawn Berserker on May 31, 2023.
             Was the Champion of Trog.
             Quit the game on level 2 of the Spider Nest on Aug 23, 2023.
             The game lasted 00:56:22 (34983 turns).

demibob the Impaler (Demonspawn Berserker)         Turns: 34983, Time: 00:56:23

Health: 136/136    AC: 15    Str: 21    XL:     16   Next: 74%
Magic:  16/16      EV: 18    Int:  9    God:    Trog [******]
Gold:   2084       SH:  0    Dex: 20    Spells: 15/15 levels left

rFire   + . .        i - +4 bardiche (spect)
rCold   + . .        (shield currently unavailable)
rNeg    . . .        C - +3 ring mail {rPois}
rPois   +            (helmet restricted)
rElec   .            n - +2 cloak {Will+}
rCorr   +            h - +0 pair of gloves
SInv    +            (no boots)
Will    ++...        G - amulet of faith {!P}
Stlth   +            v - ring of see invisible
HPRegen 0.42/turn    b - ring of Tyocist {rF+ rCorr Str+3}
MPRegen 0.15/turn

%: faith
@: very slow
A: antennae 2, powered by pain 3, sanguine armour 2, demonic magic 2,
bedeviling, cold resistance 1, sense surroundings 1
a: Renounce Religion, Berserk, Trog's Hand, Brothers in Arms


You were on level 2 of the Spider Nest.
You worshipped Trog.
Trog was exalted by your worship.
You visited 5 branches of the dungeon, and saw 25 of its levels.
You also visited: Gauntlet.

You collected 2676 gold pieces.
You spent 592 gold pieces at shops.


Innate Abilities, Weirdness & Mutations

You have a pair of antennae on your head.
You are powered by pain.
When seriously injured, your blood forms thick armour. (AC +0)
Spells you cast may paralyse nearby enemies.
Your hexes are more powerful.
Your flesh is cold resistant. (rC+)
You passively map a small area around you.


   Skills:
 + Level 15.6 Fighting
 + Level 20.5 Polearms
 - Level 9.8 Armour
 - Level 10.2 Dodging


You had 15 spell levels left.
You didn't know any spells.
Your spell library was empty.

Inventory:

Hand Weapons
 i - a +4 spectral bardiche (weapon)
 j - a +4 halberd of flaming
 z - a +1 spear
Missiles
 o - a curare-tipped dart {=f}
 L - 4 throwing nets {=f}
Armour
 h - a +0 pair of gloves (worn)
 n - a +2 cloak of willpower (worn)
 C - a +3 ring mail of poison resistance (worn)
 E - the +5 ring mail "Xudubrig" {Harm Int+7 Stlth-}
   (You found it on level 7 of the Dungeon)

   Int+7:     It affects your intelligence (+7).
   Harm:      It increases damage dealt and taken.
   Stlth-:    It makes you less stealthy.
Jewellery
 b - the ring of Tyocist (right hand) {rF+ rCorr Str+3}
   (You found it on level 7 of the Dungeon)

   [ring of protection from fire]

   Str+3:     It affects your strength (+3).
   rF+:       It protects you from fire.
   rCorr:     It protects you from acid and corrosion.
 s - the amulet of Jaydin {RegenMP rN++}
   (You found it on level 7 of the Dungeon)

   [amulet of magic regeneration]

   RegenMP:   It increases your rate of magic regeneration.
   rN++:      It greatly protects you from negative energy.
 v - a ring of see invisible (left hand)
 x - an amulet of the acrobat
 B - the amulet "Hetoexem" {RegenMP Harm rN++ Dex-3 Stlth+}
   (You found it on level 10 of the Dungeon)

   [amulet of magic regeneration]

   RegenMP:   It increases your rate of magic regeneration.
   Dex-3:     It affects your dexterity (-3).
   rN++:      It greatly protects you from negative energy.
   Harm:      It increases damage dealt and taken.
   Stlth+:    It makes you more stealthy.
 F - a ring of protection from fire
 G - an amulet of faith (around neck) {!P}
 W - a ring of willpower
Wands
 u - a wand of flame (69)
 y - a wand of charming (19)
 K - a wand of roots (9)
 O - a wand of digging (7)
 P - a wand of polymorph (11)
Scrolls
 d - 4 scrolls of fog
 e - 6 scrolls of enchant armour
 l - 5 scrolls of teleportation {@r2}
 m - 3 scrolls of enchant weapon
 p - 2 scrolls of silence {!r}
 A - 2 scrolls of revelation
 D - a scroll of poison
 M - 4 scrolls of identify {@r1}
Potions
 c - 3 potions of enlightenment
 f - 2 potions of might
 g - 5 potions of lignification
 k - 6 potions of berserk rage {!q}
 q - 3 potions of haste {@q3}
 r - 4 potions of mutation
 t - 3 potions of invisibility
 w - 4 potions of attraction
 H - a potion of ambrosia
 I - 2 potions of curing {@q1}
 N - a potion of heal wounds {@q2}
 R - 2 potions of resistance
Miscellaneous
 a - a sack of spiders
 J - a phantom mirror

Dungeon Overview and Level Annotations

Branches:
Dungeon (15/15)            Temple (1/1) D:6            Lair (5/5) D:11
  Swamp (0/4) Lair:3       Spider (2/4) Lair:2        Slime (0/5) Lair:5
    Orc (2/2) D:9             Elf (0/3) Orc:2        Vaults (0/5) D:14
 Depths (0/4) D:15        Gauntlet (visited)

Altars:
Ashenzari
Dithmenos
Gozag
Hepliaklqana
Kikubaaqudgha
Ru
Sif Muna
Trog
Vehumet
Wu Jian
Jiyva

Shops:
D:1 (   D:5 :   D:11 *   Orc:2 :?[:

Annotations:
D:8 3 runed translucent doors, abessonov's ghost, novice MiFi
Lair:1 3 runed translucent doors, hikkokomori's ghost, journeyman DgIE
Lair:5 exclusion: 4 oklob plants

~ #..#..#. ## .. ~. ≈##
##.#>##.# ≈≈≈~≈~≈#≈≈≈
##....#...
##≈≈#≈#≈#≈≈###..#..)#..
#≈≈≈≈≈≈≈#≈≈≈###..#..#.#
##≈≈#≈≈≈≈≈≈## ###...###
#≈≈≈≈≈#≈≈≈≈≈# #.### #
#≈≈#≈#≈#≈≈#*####.# #
#≈≈#≈@≈≈≈≈###....#
*#...~...##...####
####^....)(###
#########


There were no monsters in sight!


Message History

You see here a +0 broad axe.
You see here 3 scrolls of noise.
You see here a +6 ring of dexterity.
Found a giant club.
There is a stone staircase leading down here.
You see here a +0 giant club.
Found 3 poisoned darts and an orcbow.
You see here 3 poisoned darts.
You see here a +0 orcbow.
You see here a +0 orcbow.
You see here a +0 giant club.
You now have 2084 gold pieces (gained 22).
You see here a +3 heavy halberd.
There is a stone staircase leading down here.
You see here 3 poisoned darts.
You see here a +0 orcbow.
Key pressed, stopping explore.
You pick your way through the web.
There is a web here.
You enter the shallow water.
Moving in this stuff is going to be slow.
Partly explored, can't reach some places.
No target in view!
Partly explored, can't reach some places.
Okay, then.
Save game and exit?
Welcome back, demibob the Demonspawn Berserker.
Trog says: Kill them all!
Press ? for a list of commands and other information.
Are you sure you want to abandon this character and quit the game? (Confirm with "yes".)

Skill      XL: |  1  2  3  4  5  6  7  8  9 10 11 12 13 14 15 16 |
---------------+-------------------------------------------------+-----
Polearms       | 3 4 5 6 7 9 11 13 14 15 16 18 19 20 | 20.5
Dodging        | 4 6 9 10 | 10.2
Fighting       | 5 7 10 11 13 15 | 15.6
Armour         | 6 9 |  9.8

Action                     |  1- 3 |  4- 6 |  7- 9 | 10-12 | 13-15 | 16-18 || total
---------------------------+-------+-------+-------+-------+-------+-------++-------
  Melee: Spear             |   100 |   216 |   418 |   286 |       |       ||  1020
         Punch             |     1 |     1 |    11 |     5 |       |       ||    18
         Halberd           |       |       |       |   521 |   133 |       ||   654
         Glaive            |       |       |       |       |   367 |       ||   367
         Bardiche          |       |       |       |       |   633 |   317 ||   950
 Invoke: Berserk           |     2 |     7 |    10 |    11 |    19 |       ||    49
         Trog's Hand       |       |       |       |     1 |     3 |     1 ||     5
         Brothers in Arms  |       |       |       |     1 |     7 |     1 ||     9
  Evoke: Wand              |       |       |       |       |     8 |       ||     8
         Phantom mirror    |       |       |       |       |       |     1 ||     1
    Use: Scroll            |     6 |     5 |     5 |    11 |    12 |     3 ||    42
         Potion            |       |     6 |     2 |     6 |     9 |     1 ||    24
   Stab: Sleeping          |     2 |     3 |     2 |       |       |       ||     7
         Distracted        |       |       |       |       |     6 |     4 ||    10
         Petrified         |       |       |       |       |     3 |       ||     3
 Armour: Animal skin       |    16 |    39 |    38 |       |       |       ||    93
         Ring mail         |       |       |       |   182 |   369 |    67 ||   618
  Dodge: Dodged            |    46 |   125 |   130 |   294 |  1063 |   173 ||  1831

Levels and vault maps discovered:
D:1:      dpeg_arrival_pits, layout_loops_ring, serial_shops, shop,
          basic_ecumenical_altar
D:2:      layout_loops_ring
D:3:      layout_basic, lemuel_doored_altar, grunt_ministairs_5, uniq_terence
D:4:      layout_layer_cave, minmay_joined_circles
D:5:      layout_basic, mainiacjoe_overflow_surrounded_room, serial_shops, shop,
          serial_bayou_lagoon_a
D:6:      layout_loops_corners, temple_pool_b, kennysheep_generic_room_5,
          uniq_blork_the_orc, uniq_edmund
D:7:      minmay_the_grid_octo_triangle [minmay_the_grid_octo_fat_diamond,
          minmay_the_grid_octo_prize_square_snowflake,
          minmay_the_grid_octo_toaster], layout_cave_pools, hangedman_decor_push
D:8:      layout_gridville, overflow_temple_1_default,
          nicolae_overflow_hidden_temple, gammafunk_ghost_ooze,
          minmay_door_square, small_statue_intersection
D:9:      layout_cave_pods, kennysheep_mini, orc_0_dummy
D:10:     layout_rooms, worldfamousw_hep_ancestral_shrine,
          kennysheep_little_box, serial_co_window_serial, co_window_paths_a,
          co_window_paths_a, co_window_corner_a, co_window_paths_b,
          co_window_corner_a, co_window_paths_a, co_window_corner_a,
          co_window_paths_b, co_window_paths_a, co_window_2corner,
          co_window_2corner, co_window_unsneaky_path_e, glass_columns_a,
          glass_columns_b, glass_columns_b, uniq_josephine
D:11:     layout_rooms, lair_entry_dummy, nicolae_shop_sticking_my_neck_out
D:12:     layout_irregular_city, nicolae_vehumet_altar_sigil
D:13:     layout_basic
D:14:     layout_basic, grunt_vaults_entry_tiered, minmay_misc_feat_five
D:15:     grunt_enter_depths_giant_problem, layout_loops_ring,
          minmay_misc_feat_x, uniq_roxanne, uniq_rupert, uniq_louise, uniq_kirke
Temple:   nicolae_temple_slightly_damp_pantheon
Lair:1:   layout_roguey, gauntlet_entry_generic,
          portal_ice_cave_entry_ice_simulacra, gammafunk_ghost_necromancy,
          grunt_megastairs_1
Lair:2:   layout_cave_shapes, hellmonk_spider_entry_not_the_bees,
          eino_house_with_fridge, serial_bayou_shore_a, lemuel_fruit_fields,
          grunt_megastairs_2, infiniplex_staircase_pool_2, serial_bayou_shore_b
Lair:3:   layout_concentric_octagons, minmay_swamp_entry_worms
Lair:4:   layout_roguey [special_room_mythical_zoo],
          nicolae_lair_time_for_slime, infiniplex_staircase_pool,
          lemuel_fruit_fields
Lair:5:   hangedman_lair_caniforms_friends, layout_gridlike,
          hangedman_lair_in_review, minmay_slime_entry_oklob_open,
          gammafunk_lair_bear_cave
Spider:1: layout_spider_delve
Spider:2: nicolae_spider_mines_1, nicolae_spider_webs_and_nodes, drop_trap,
          nicolae_spider_cling_halls
Orc:1:    layout_diamond_mine, uniq_urug
Orc:2:    kennysheep_orc_mage_school, layout_caves, uniq_donald

Notes
Turn   | Place    | Note
-------+----------+-------------------------------------------
     0 | D:1      | demibob the Demonspawn Berserker began the quest for the
                  | Orb.
     0 | D:1      | Reached XP level 1. HP: 18/18 MP: 1/1
    88 | D:1      | Reached skill level 3 in Polearms
    97 | D:1      | Found Nacui's Antique Weapon Emporium.
   111 | D:1      | Gained mutation: Spells you cast may paralyse adjacent
                  | enemies. [demonic ancestry]
   111 | D:1      | Reached XP level 2. HP: 8/24 MP: 2/2
   306 | D:1      | Found a faded altar of an unknown god.
   885 | D:2      | Gained mutation: You sometimes gain a little power by
                  | taking damage. [demonic ancestry]
   885 | D:2      | Reached XP level 3. HP: 27/29 MP: 3/3
   915 | D:2      | Reached skill level 4 in Polearms
  1446 | D:2      | Reached XP level 4. HP: 29/35 MP: 4/4
  1524 | D:3      | Reached ** piety under Trog
  1534 | D:3      | Noticed Terence
  1552 | D:3      | Killed Terence
  1628 | D:3      | Reached skill level 5 in Polearms
  1634 | D:3      | Gained mutation: When seriously injured, your blood forms
                  | armour. (AC +0) [demonic ancestry]
  1634 | D:3      | Reached XP level 5. HP: 41/41 MP: 5/5
  1737 | D:3      | Found a shimmering blue altar of Sif Muna.
  2726 | D:4      | Noticed an ogre
  2733 | D:4      | Killed an ogre
  2734 | D:4      | Reached skill level 6 in Polearms
  2734 | D:4      | Gained mutation: You have a pair of small antennae on your
                  | head. [demonic ancestry]
  2734 | D:4      | Reached XP level 6. HP: 47/47 MP: 6/6
  3192 | D:4      | Noticed a sky beast
  3224 | D:4      | Killed a sky beast
  3225 | D:4      | Reached skill level 7 in Polearms
  3620 | D:4      | Gained mutation: You have a pair of antennae on your head.
                  | [demonic ancestry]
  3620 | D:4      | Reached XP level 7. HP: 52/52 MP: 5/7
  3977 | D:5      | Entered Level 5 of the Dungeon
  3977 | D:5      | Found Gashalyr's Book Shoppe.
  4447 | D:5      | Reached skill level 8 in Polearms
  4845 | D:5      | Found a bloodstained altar of Trog.
  5259 | D:6      | Reached skill level 9 in Polearms
  5259 | D:6      | Gained mutation: You sometimes gain power by taking damage.
                  | [demonic ancestry]
  5259 | D:6      | Reached XP level 8. HP: 58/58 MP: 8/8
  5594 | D:6      | Noticed Blork the orc
  5604 | D:6      | Killed Blork the orc
  5722 | D:6      | Reached skill level 10 in Polearms
  5726 | D:6      | HP: 4/58 [ogre/+0 giant spiked club (17)]
  5949 | D:6      | Found a staircase to the Ecumenical Temple.
  6216 | D:6      | Noticed Edmund
  6231 | D:6      | Killed Edmund
  6863 | D:7      | Reached skill level 11 in Polearms
  6866 | D:7      | Gained mutation: Spells you cast may paralyse nearby
                  | enemies. [demonic ancestry]
  6866 | D:7      | Reached XP level 9. HP: 63/63 MP: 4/9
  7265 | D:7      | Reached *** piety under Trog
  7365 | D:7      | Reached skill level 12 in Polearms
  7496 | D:7      | Noticed a two-headed ogre
  7504 | D:7      | Killed a two-headed ogre
  7505 | D:7      | Reached skill level 13 in Polearms
  7617 | D:7      | Identified the +5 ring mail "Xudubrig" {Harm Int+7 Stlth-}
  7687 | D:7      | Noticed a cyclops
  7699 | D:7      | Killed a cyclops
  7700 | D:7      | Reached XP level 10. HP: 70/70 MP: 8/10
  7743 | D:7      | Identified the ring of Tyocist {rF+ rCorr Str+3}
  7743 | D:7      | Identified the amulet of Jaydin {RegenMP rN++}
  8527 | D:8      | Found a broken altar of Ashenzari.
  8664 | D:8      | Found a sacrificial altar of Ru.
  8859 | D:8      | Reached skill level 14 in Polearms
  8909 | D:8      | Found a runed translucent gate.
  8917 | D:8      | Found a runed translucent gate.
  8917 | D:8      | Found a runed translucent gate.
  8949 | D:8      | Noticed abessonov's ghost (novice MiFi)
  9343 | D:8      | Found an ornate altar of the Wu Jian Council.
  9344 | D:8      | Found an opulent altar of Gozag.
  9415 | D:8      | Found a viscous altar of Jiyva.
  9605 | D:9      | Reached skill level 2 in Dodging
  9767 | D:9      | Reached skill level 4 in Fighting
  9767 | D:9      | Reached skill level 3 in Dodging
  9959 | D:9      | Noticed a gargoyle
  9964 | D:9      | Killed a gargoyle
 10182 | D:9      | Found a staircase to the Orcish Mines.
 10220 | D:9      | Found an ancient bone altar of Kikubaaqudgha.
 10516 | D:10     | Entered Level 10 of the Dungeon
 10534 | D:10     | Noticed Josephine
 10546 | D:10     | Killed Josephine
 10547 | D:10     | Reached skill level 5 in Fighting
 10547 | D:10     | Reached skill level 4 in Dodging
 10547 | D:10     | Reached XP level 11. HP: 79/79 MP: 8/11
 10561 | D:10     | Reached skill level 15 in Polearms
 10831 | D:10     | Noticed a two-headed ogre
 10839 | D:10     | Killed a two-headed ogre
 10888 | D:10     | Identified the +2 tower shield of Dyspraxia {+Blink}
 10892 | D:10     | Identified the amulet "Hetoexem" {RegenMP Harm rN++ Dex-3
                  | Stlth+}
 11008 | D:10     | Reached skill level 6 in Fighting
 11008 | D:10     | Reached skill level 5 in Dodging
 11143 | D:10     | Reached **** piety under Trog
 11458 | D:10     | Found a radiant altar of Vehumet.
 11693 | D:10     | Found a hazy altar of Hepliaklqana.
 11870 | D:11     | Reached skill level 7 in Fighting
 11870 | D:11     | Reached skill level 6 in Dodging
 12227 | D:11     | Found Hyrchibyt's Neck Hole.
 12234 | D:11     | Bought an amulet of faith for 520 gold pieces
 12300 | D:11     | Noticed a two-headed ogre
 12304 | D:11     | Killed a two-headed ogre
 12305 | D:11     | Reached XP level 12. HP: 92/92 MP: 12/12
 12490 | D:11     | Found a staircase to the Lair.
 12851 | D:12     | Reached skill level 8 in Fighting
 12981 | D:12     | Reached skill level 7 in Dodging
 13143 | D:12     | Reached ***** piety under Trog
 13523 | D:12     | Reached skill level 16 in Polearms
 13704 | D:12     | Found a radiant altar of Vehumet.
 13916 | Temple   | Entered the Ecumenical Temple
 14043 | Lair:1   | Entered Level 1 of the Lair of Beasts
 14092 | Lair:1   | Reached skill level 9 in Fighting
 14097 | Lair:1   | Reached skill level 8 in Dodging
 14115 | Lair:1   | Found a gate leading to a gauntlet.
 14129 | Lair:1   | Noticed a boulder beetle
 14132 | Gauntlet | Entered a Gauntlet
 14132 | Gauntlet | Found a transporter.
 14132 | Gauntlet | Found a transporter.
 14132 | Gauntlet | Found a transporter.
 14336 | Gauntlet | Found a transporter.
 14346 | Gauntlet | Found a transporter.
 14350 | Gauntlet | Found a transporter.
 14365 | Gauntlet | Found a transporter.
 14378 | Gauntlet | Found a transporter.
 14380 | Gauntlet | Noticed a balrug
 14400 | Gauntlet | Found a transporter.
 14402 | Gauntlet | Found a transporter.
 14412 | Gauntlet | Found a transporter.
 14416 | Gauntlet | Found a transporter.
 14575 | Gauntlet | HP: 2/96 [something (13)]
 14910 | Gauntlet | Identified the +1 cloak of Mezcal {Rampage rPois rF-}
 14931 | Gauntlet | Noticed a minotaur
 14942 | Gauntlet | Killed a minotaur
 15067 | Lair:1   | Killed a boulder beetle
 15068 | Lair:1   | Reached skill level 10 in Fighting
 15071 | Lair:1   | Reached skill level 9 in Dodging
 15073 | Lair:1   | HP: 14/145 [poisoned by a cane toad]
 15077 | Lair:1   | HP: 5/97 [poisoned by a cane toad]
 15502 | Lair:1   | Found a runed translucent gate.
 15502 | Lair:1   | Found a runed translucent gate.
 15502 | Lair:1   | Found a runed translucent gate.
 15503 | Lair:1   | Noticed hikkokomori's ghost (journeyman DgIE)
 16266 | Lair:1   | Gained mutation: You are powered by pain. [demonic
                  | ancestry]
 16266 | Lair:1   | Reached XP level 13. HP: 85/104 MP: 13/13
 17069 | Lair:2   | Found a hole to the Spider Nest.
 17416 | Lair:2   | Reached skill level 11 in Fighting
 17639 | Lair:2   | Reached skill level 10 in Dodging
 18013 | Lair:2   | Received a gift from Trog
 18194 | Lair:2   | Reached skill level 2 in Armour
 18498 | Lair:2   | Identified a potion of resistance
 18501 | Lair:2   | Upgraded the game from 0.31-a0-121-g1e386dd289 to
                  | 0.31-a0-154-g56bf346678
 18610 | Lair:3   | Reached skill level 3 in Armour
 18856 | Lair:3   | Found a staircase to the Swamp.
 19186 | Lair:3   | Reached skill level 4 in Armour
 20334 | Lair:4   | Reached skill level 5 in Armour
 21035 | Lair:3   | Upgraded the game from 0.31-a0-154-g56bf346678 to
                  | 0.31-a0-188-g5e087ee2ca
 21205 | Lair:4   | Reached skill level 6 in Armour
 21261 | Lair:4   | Gained mutation: When seriously injured, your blood forms
                  | thick armour. (AC +0) [demonic ancestry]
 21261 | Lair:4   | Reached XP level 14. HP: 109/113 MP: 14/14
 21448 | Lair:4   | Reached skill level 17 in Polearms
 21821 | Lair:4   | Received a gift from Trog
 21823 | Lair:4   | Noticed a quicksilver ooze
 21832 | Lair:4   | Killed a quicksilver ooze
 22145 | Lair:4   | Reached skill level 7 in Armour
 22298 | Lair:5   | Entered Level 5 of the Lair of Beasts
 22298 | Lair:5   | Found a staircase to the Slime Pits.
 22298 | Lair:5   | Found a viscous altar of Jiyva.
 23043 | Lair:5   | Received a gift from Trog
 23146 | Lair:5   | Reached skill level 8 in Armour
 23936 | Lair:5   | Reached skill level 9 in Armour
 23997 | Lair:5   | Reached skill level 18 in Polearms
 25083 | Lair:5   | Reached XP level 15. HP: 119/119 MP: 5/15
 25886 | Lair:5   | Received a gift from Trog
 26181 | Lair:5   | Identified the +0 ring mail of Gehenna {*Corrode Regen+
                  | Dex+3}
 26311 | Lair:5   | Reached skill level 12 in Fighting
 26927 | D:13     | Identified the +11 quarterstaff "Zeobb" {spect, Fragile
                  | rF+++ Will+}
 28410 | D:14     | Reached skill level 19 in Polearms
 28767 | D:14     | Reached skill level 13 in Fighting
 28821 | D:14     | Found a gate to the Vaults.
 29155 | D:15     | Entered Level 15 of the Dungeon
 29155 | D:15     | Noticed Rupert
 29166 | D:15     | Killed Rupert
 29364 | D:15     | Noticed Louise
 29366 | D:15     | Louise changed into Louise the quicksilver ooze
 29366 | D:15     | Noticed Louise
 29369 | D:15     | Killed Louise the quicksilver ooze
 29397 | D:15     | Received a gift from Trog
 29550 | D:15     | Identified Roxanne's Textbook on Transformation
 29550 | D:15     | Noticed Roxanne
 29581 | D:15     | Killed Roxanne
 29690 | D:15     | Noticed Kirke
 29698 | D:15     | Killed Kirke
 29953 | D:15     | Gained mutation: Your hexes are more powerful. [demonic
                  | ancestry]
 29953 | D:15     | Reached XP level 16. HP: 92/132 MP: 16/16
 30025 | D:15     | Reached skill level 14 in Fighting
 30180 | D:15     | Found a staircase to the Depths.
 30856 | Orc:1    | Entered Level 1 of the Orcish Mines
 30929 | Orc:1    | Noticed Urug
 30935 | Orc:1    | Killed Urug
 31158 | Orc:2    | Entered Level 2 of the Orcish Mines
 31196 | Orc:2    | Found an ancient bone altar of Kikubaaqudgha.
 31214 | Orc:2    | Found a staircase to the Elven Halls.
 31222 | Orc:2    | Noticed Donald
 31232 | Orc:2    | Killed Donald
 31536 | Orc:2    | Received a gift from Trog
 31546 | Orc:2    | Gained mutation: You sometimes lose your temper in combat.
                  | [a neqoxec]
 31551 | Orc:2    | Found Pema's Book Emporium.
 31565 | Orc:2    | Lost mutation: You sometimes lose your temper in combat.
                  | [potion of mutation]
 31565 | Orc:2    | Gained mutation: You passively map a small area around you.
                  | [potion of mutation]
 31565 | Orc:2    | Gained mutation: Your flesh is cold resistant. (rC+)
                  | [potion of mutation]
 31597 | Orc:2    | Found a radiant altar of Vehumet.
 31618 | Orc:2    | Found Ecwaluho's Magic Scroll Shoppe.
 31648 | Orc:2    | Found Oluleog's Antique Armour Emporium.
 31651 | Orc:2    | Found Waohedynub's Book Emporium.
 31734 | Orc:2    | Bought a scroll of teleportation for 36 gold pieces
 31734 | Orc:2    | Bought a scroll of teleportation for 36 gold pieces
 32404 | D:9      | Upgraded the game from 0.31-a0-188-g5e087ee2ca to
                  | 0.31-a0-204-g7da18cac08
 32750 | Spider:1 | Entered Level 1 of the Spider Nest
 32785 | Spider:1 | Received a gift from Trog
 32792 | Spider:1 | Reached skill level 20 in Polearms
 33531 | Spider:1 | Reached skill level 15 in Fighting
 33927 | Spider:2 | Reached ****** piety under Trog
 34129 | Spider:2 | Received a gift from Trog
 34983 | Spider:2 | Upgraded the game from 0.31-a0-204-g7da18cac08 to
                  | 0.31-a0-618-g7ca08c1ff9
 34983 | Spider:2 | Quit the game

Vanquished Creatures
  Donald (Orc:2)
  Kirke (D:15)
  An emperor scorpion (Spider:1)
  Roxanne (D:15)
  2 quicksilver oozes
  A stone giant (D:15)
  A minotaur (Gauntlet)
  Josephine (D:10)
  An entropy weaver (Spider:2)
  5 hydras
  A vault guard (D:14)
  3 ogre magi (Orc:2)
  2 death knights
  2 catoblepae (Lair:5)
  7 boulder beetles
  4 centaur warriors
  3 two-headed ogres
  5 death yaks (Lair:5)
  2 demonic crawlers
  Urug (Orc:1)
  A pharaoh ant (Spider:2)
  5 slime creatures
  3 orb spiders
  A lindwurm (Lair:4)
  2 phantasmal warriors (D:13)
  A steelbarb worm (Spider:2)
  2 necromancers
  3 wizards (D:14)
  4 deep elf pyromancers
  8 orc sorcerers
  5 ugly things (D:14)
  6 wolf spiders
  4 orc knights
  5 cyclopes
  A moth of wrath (Spider:1)
  19 elephants
  An apocalypse crab (Gauntlet)
  6 manticores
  An ice statue (Gauntlet)
  8 black mambas
  4 gargoyles
  16 cane toads
  2 unseen horrors
  4 torpor snails
  8 rime drakes
  13 komodo dragons
  An efreet (D:14)
  A freezing wraith (D:13)
  4 yaktaurs (D:15)
  2 tengu conjurers
  12 polar bears
  A meliai (Lair:2)
  11 trolls
  6 tarantellas
  2 tyrant leeches (Lair:3)
  6 raiju (Lair:5)
  8 dream sheep
  22 blink frogs
  9 culicivoras
  17 jumping spiders
  69 yaks
  3 shadows (D:11)
  11 wyverns
  A ynoxinul (Gauntlet)
  A spriggan (shapeshifter) (D:14)
  10 wraiths
  20 humans (D:14)
  7 basilisks
  10 vampire mosquitoes
  A hog (D:15)
  2 swamp worms (Lair:3)
  3 steam dragons
  30 redbacks
  Edmund (D:6)
  5 wargs
  10 hell hounds (Lair:5)
  18 water moccasins
  4 acid dragons
  2 sky beasts
  11 orc warriors
  2 ice beasts
  13 black bears
  37 wolves
  14 ogres
  7 centaurs
  A phantom (D:4)
  9 bullfrogs
  2 kobold brigands
  Blork the orc (D:6)
  3 scorpions (D:6)
  8 wights
  4 killer bees (Lair:2)
  10 howler monkeys
  2 electric eels
  4 iron imps (Gauntlet)
  4 hounds
  4 jellies (Lair:4)
  5 orc priests
  Terence (D:3)
  An iguana (D:3)
  3 sleepcaps
  26 orc wizards
  7 hell rats
  5 polar bear simulacra
  A yak simulacrum (Lair:2)
  5 wolf simulacra (Lair:2)
  4 gnolls (D:3)
  5 adders
  3 ufetubi
  A worm (D:4)
  4 dart slugs
  55 orcs
  5 bats
  5 endoplasms
  4 giant cockroaches
  7 goblins
  6 hobgoblins
  5 quokkas
  6 ball pythons
  3 frilled lizards
  9 kobolds
  7 rats
  A river rat simulacrum (Lair:2)
808 creatures vanquished.

Vanquished Creatures (collateral kills)
  Rupert (D:15)
  A dire elephant (Lair:5)
  A hydra (Lair:5)
  2 death yaks (Lair:5)
  A wolf spider (Spider:2)
  An orc sorcerer (Orc:2)
  A manticore (Lair:5)
  A cyclops (D:15)
  An elephant (Lair:3)
  4 cane toads
  An efreet (D:15)
  3 dream sheep (Lair:5)
  A tarantella (Spider:2)
  3 blink frogs (Lair:1)
  A jumping spider (Spider:2)
  A basilisk (shapeshifter) (D:15)
  A black bear (Lair:1)
  2 orc wizards (Orc:2)
27 creatures vanquished.

Vanquished Creatures (others)
  A human (D:15)
  A hell hound (Lair:5)
  A centaur (D:15)
  An orc (Orc:1)
  8 spectral weapons
12 creatures vanquished.

Grand Total: 847 creatures vanquished

Table legend: (Time is in decaauts)
 A = Elapsed time spent in this place.
 B = Non-inter-level travel time spent in this place.
 C = Inter-level travel time spent in this place.
 D = Time resting spent in this place.
 E = Time spent auto-exploring this place.
 F = Levels seen in this place.
 G = Mean time per level.
                   A        B        C        D        E       F      G
               +--------+--------+--------+--------+--------+-----+--------+
         Total |  34830 |  33175 |   1655 |   3766 |  24744 |  26 | 1339.6 |
       Dungeon |  18338 |  17260 |   1078 |    996 |  14017 |  15 | 1222.5 |
        Temple |     31 |     19 |     12 |      0 |     18 |   1 |   31.0 |
          Lair |  11753 |  11375 |    378 |   2330 |   7404 |   5 | 2350.6 |
   Spider Nest |   2215 |   2203 |     12 |     30 |   1830 |   2 | 1107.5 |
  Orcish Mines |   1550 |   1377 |    173 |      2 |   1152 |   2 |  775.0 |
      Gauntlet |    941 |    941 |      0 |    406 |    322 |   1 |  941.0 |
               +--------+--------+--------+--------+--------+-----+--------+

Top non-repeatable levels by time:
  Lair:5: 4297 daAuts
  Lair:3: 2490 daAuts
  Lair:1: 1824 daAuts
  Lair:2: 1782 daAuts
     D:6: 1766 daAuts
    D:15: 1566 daAuts
     D:7: 1434 daAuts
    D:14: 1429 daAuts
  Lair:4: 1357 daAuts
    D:10: 1338 daAuts
     D:4: 1314 daAuts
    D:13: 1278 daAuts
     D:3: 1193 daAuts
Spider:2: 1184 daAuts
     D:9: 1150 daAuts

Table legend:
 A = Non-vault XP
 B = Vault XP
 C = Vault XP percentage of total XP
 D = Non-vault monster count
 E = Vault monster count
 F = Vault count percentage of total count
                 A         B        C        D         E       F
            +---------+---------+-------+---------+---------+-------
      Total |  131088 |   68516 |  34.3 |     565 |     271 |  32.4
            +---------+---------+-------+---------+---------+-------
        D:1 |      37 |       0 |   0.0 |      22 |       0 |   0.0
        D:2 |      61 |       0 |   0.0 |      10 |       0 |   0.0
        D:3 |     101 |      76 |  42.9 |      16 |       3 |  15.8
        D:4 |     369 |     143 |  27.9 |      23 |      12 |  34.3
        D:5 |     434 |       0 |   0.0 |       7 |       0 |   0.0
        D:6 |     876 |     458 |  34.3 |      13 |       5 |  27.8
        D:7 |    1176 |    2889 |  71.1 |      19 |      14 |  42.4
        D:8 |    2298 |       0 |   0.0 |      21 |       0 |   0.0
        D:9 |    1931 |       0 |   0.0 |      16 |       0 |   0.0
       D:10 |    5228 |    1931 |  27.0 |      20 |       6 |  23.1
       D:11 |    5702 |       0 |   0.0 |      30 |       0 |   0.0
       D:12 |    4192 |       0 |   0.0 |      19 |       0 |   0.0
       D:13 |    8846 |       0 |   0.0 |      20 |       0 |   0.0
       D:14 |    6611 |    7309 |  52.5 |      15 |      25 |  62.5
       D:15 |   13805 |    6832 |  33.1 |      36 |       6 |  14.3
     Lair:1 |    4906 |    2583 |  34.5 |      18 |      10 |  35.7
     Lair:2 |    7083 |    1978 |  21.8 |      24 |      21 |  46.7
     Lair:3 |    8094 |    2317 |  22.3 |      30 |      12 |  28.6
     Lair:4 |    8125 |    5925 |  42.2 |      25 |      25 |  50.0
     Lair:5 |   21634 |   21085 |  49.4 |      67 |      79 |  54.1
   Spider:1 |   11700 |       0 |   0.0 |      34 |       0 |   0.0
   Spider:2 |   13743 |    2545 |  15.6 |      44 |       7 |  13.7
      Orc:1 |    2600 |     794 |  23.4 |      23 |       1 |   4.2
      Orc:2 |    1536 |    8641 |  84.9 |      13 |      35 |  72.9
   Gauntlet |       0 |    3010 | 100.0 |       0 |      10 | 100.0
            +---------+---------+-------+---------+---------+-------
